Map: Dusty Gorge

Players

Throwfordays

  • Race: Protoss Protoss
  • League: Bronze
  • Spawn Location: 5:00

Cthulhu

  • Race: Terran Terran
  • Spawn Location: 3:00

GhengisKhan - Winner!

  • Race: Protoss Protoss
  • League: Gold
  • Spawn Location: 9:00

Azlan - Winner!

  • Race: Terran Terran
  • League: Diamond
  • Spawn Location: 11:00

VOD

Have the link to the VOD?

Description

Time

  • Played on: Feb. 1, 2019, 9:42 p.m.
  • Length: 25:27
Show
View Real Time Build Order
Export as new Build Order

Throwfordays Protoss 

Build Orders: Double Forge, Carriers 

Get SALT Encoding   

  12  0:00  Probe  
  13  0:12  Probe  
  14  0:19  Pylon  
  14  0:24  Probe  
  15  0:38  Gateway, Probe  
  16  0:45  Assimilator  
  16  0:50  Probe  
  17  1:02  Probe  
  18  1:14  Probe  
  19  1:25  Cybernetics Core  
  19  1:26  Probe  
  19  1:27  Pylon  
  19  1:32  Warp Gate  
  20  1:52  Nexus  
  20  2:05  Assimilator  
  20  2:23  Nexus  
  20  2:29  Pylon  
  20  2:33  Probe  
  21  2:46  Probe  
  21  2:47  Pylon  
  22  2:58  Probe  
  23  3:01  Probe  
  24  3:09  Probe  
  24  3:12  Probe  
  24  3:18  Probe  
  26  3:20  Probe  
  28  3:28  Probe  
  28  3:30  Probe  
  28  3:31  Probe  
  30  3:39  Probe  
  30  3:40  Probe  
  32  3:42  Probe  
  34  3:49  Assimilator, Probe  
  34  3:52  Probe  
  34  3:54  Probe  
  34  3:55  Assimilator  
  37  3:57  Assimilator  
  37  4:01  Probe  
  37  4:02  Assimilator, Probe  
  38  4:03  Probe  
  40  4:10  Probe  
  40  4:11  Probe  
  40  4:13  Probe  
  43  4:19  Probe  
  43  4:22  Probe  
  45  4:25  Probe  
  45  4:31  Probe  
  47  4:35  Probe  
  47  4:38  Probe  
  49  4:40  Gateway  
  49  4:41  Gateway  
  49  4:43  Probe  
  49  4:45  Gateway  
  50  4:47  Probe  
  50  4:50  Forge, Probe  
  52  4:53  Forge  
  52  4:58  Probe  
  52  4:59  Probe  
  53  5:00  Probe  
  53  5:06  Probe  
  55  5:12  Adept, Probe  
  59  5:16  Probe  
  59  5:21  Protoss Ground Weapons Level 1  
  60  5:22  Robotics Facility  
  60  5:23  Robotics Facility  
  60  5:24  Probe  
  60  5:28  Probe  
  62  5:36  Probe  
  62  5:40  Pylon, Probe  
  62  5:42  Adept x4  
  70  5:48  Probe  
  71  5:52  Pylon  
  71  5:54  Pylon  
  69  6:04  Stalker x3  
  69  6:05  Stalker  
  67  6:30  Stalker x4  
  67  6:32  Probe  
  74  6:35  Probe  
  73  6:47  Stargate, Probe  
  73  6:48  Protoss Ground Armor Level 1, Stargate  
  73  6:50  Stargate  
  73  6:53  Stargate  
  74  6:55  Stargate  
  74  6:59  Probe  
  74  7:01  Adept x4  
  81  7:06  Immortal x2  
  83  7:15  Protoss Shields Level 1  
  83  7:24  Adept x3  
  83  7:25  Adept  
  91  7:39  Phoenix x5  
  101  7:49  Protoss Air Weapons Level 1  
  101  8:06  Pylon  
  101  8:08  Pylon  
  101  8:16  Cybernetics Core  
  101  8:20  Pylon  
  101  8:22  Pylon  
  101  8:23  Pylon  
  101  8:24  Phoenix x2  
  101  8:25  Pylon, Immortal  
  101  8:26  Phoenix x2, Immortal  
  117  8:29  Phoenix  
  117  8:49  Phoenix x2  
  117  8:51  Phoenix x2  
  117  8:53  Protoss Air Armor Level 1  
  117  8:54  Phoenix  
  127  9:02  Twilight Council  
  127  9:06  Fleet Beacon  
  127  9:33  Protoss Shields Level 2  
  127  9:34  Protoss Ground Weapons Level 2, Phoenix x5  
  137  9:41  Nexus  
  137  9:44  Pylon  
  137  9:47  Pylon, Observer x2  
  137  9:49  Pylon  
  139  9:58  Protoss Air Weapons Level 2  
  139  10:03  Assimilator  
  139  10:07  Assimilator  
  125  11:11  Tempest x5  
  133  11:18  Anion Pulse-Crystals  
  148  11:26  Probe  
  149  11:38  Probe  
  150  11:50  Probe  
  150  11:53  Tempest x2  
  150  11:54  Tempest  
  158  12:24  Observer x2  
  160  12:30  Probe  
  161  12:42  Probe  
  162  12:55  Probe  
  162  13:07  Probe  
  99  13:45  Tempest x2  
  99  13:46  Tempest x3  
  99  13:47  Protoss Shields Level 3  
  124  13:57  Robotics Bay  
  124  14:01  Pylon  
  124  14:04  Pylon  
  124  14:06  Pylon  
  124  14:07  Protoss Air Weapons Level 3, Protoss Air Armor Level 2  
  124  14:40  Void Ray x2  
  124  14:41  Void Ray x3  
  124  14:42  Nexus  
  126  16:03  Colossus x2  
  133  16:07  Void Ray x5  
  145  16:45  Extended Thermal Lance  
  145  16:56  Colossus x2  
  155  17:11  Probe  
  144  17:23  Probe  
  145  17:35  Probe  
  146  17:40  Void Ray x3  
  146  17:41  Void Ray x2  
  166  17:47  Probe  
  161  17:59  Probe  
  147  18:11  Probe  
  128  18:17  Carrier x3  
  128  18:18  Carrier  
  113  18:32  Stalker x2  
  93  19:20  Assimilator  
  93  19:23  Carrier  
  85  19:51  Carrier  
  59  20:41  Pylon  
  59  20:53  Carrier x2  
  59  20:54  Carrier x3  
  34  22:51  Pylon  
  28  22:54  Pylon  
  27  23:16  Probe  
  22  23:28  Probe  
  10  24:45  Pylon  
  10  24:47  Pylon  
  10  24:51  Pylon  
  10  24:56  Pylon  
  4  25:15  Pylon  
Show
View Real Time Build Order
Export as new Build Order

Cthulhu Terran 

Build Orders:  

Get SALT Encoding   

  12  0:02  SCV  
  13  0:14  SCV  
  13  0:21  Supply Depot  
  14  0:27  SCV  
  15  0:37  Supply Depot  
  15  0:46  Barracks  
  15  0:52  SCV  
  16  1:05  SCV  
  16  1:09  Refinery  
  17  1:14  Barracks  
  17  1:17  SCV  
  18  1:34  Marine  
  19  1:43  Barracks  
  19  1:45  Orbital Command  
  19  1:54  Reaper  
  20  1:57  Refinery  
  20  2:11  Reaper  
  20  2:14  SCV  
  22  2:26  Reaper  
  22  2:29  SCV  
  24  2:37  Reaper  
  25  2:46  Command Center  
  25  2:50  Reaper  
  26  2:59  Reaper, SCV  
  28  3:11  Engineering Bay  
  28  3:12  Supply Depot  
  28  3:13  Reaper  
  28  3:16  SCV  
  27  4:04  SCV  
  27  4:05  Marine  
  27  4:08  Marine x2  
  29  4:23  Marine  
  29  4:25  SCV  
  29  4:28  Orbital Command  
  29  4:31  Refinery  
  32  4:37  Barracks Tech Lab  
  31  4:39  Barracks Tech Lab, Factory  
  29  4:53  SCV  
  29  4:56  SCV  
  29  4:57  Marine, Marauder  
  34  5:02  Terran Infantry Weapons Level 1  
  34  5:06  SCV  
  35  5:24  Widow Mine  
  27  5:51  Marine  
  27  5:52  Marine x2  
  30  6:09  Marine x3  
  30  6:25  SCV  
  30  6:26  SCV  
  30  6:27  Marine x2  
  30  6:30  Marine  
  30  6:32  Widow Mine  
  35  6:33  Barracks  
  28  6:41  SCV  
  28  6:45  Marine  
  28  6:51  Marine x2  
  28  6:52  SCV  
  28  6:53  SCV  
  30  6:56  Widow Mine  
  31  7:03  Marine  
  32  7:08  Marine  
  32  7:09  Marine  
  32  7:15  SCV  
  35  7:21  Marine  
  36  7:24  Supply Depot  
  36  7:26  Marine x2, Supply Depot  
  36  7:27  Bunker  
  38  7:43  Supply Depot  
  38  7:44  Armory  
  38  7:45  Supply Depot, Widow Mine, SCV  
  38  7:47  Terran Infantry Armor Level 1  
  38  7:48  Marine  
  38  7:50  Barracks Tech Lab, Starport  
  38  7:51  Marine  
  43  8:13  Refinery  
  25  8:36  SCV  
  25  8:37  SCV  
  25  8:39  Marine x2  
  25  8:40  Marauder  
  29  8:48  SCV  
  30  8:57  SCV  
  30  8:58  Starport  
  31  9:10  Marine  
  31  9:11  Marine x2  
  31  9:12  Widow Mine  
  36  9:25  Command Center  
  36  9:26  SCV x2  
  38  9:34  Widow Mine  
  38  9:36  Stimpack  
  40  9:59  SCV x2  
  42  10:00  Marine x2  
  42  10:01  Marauder  
  42  10:02  Widow Mine  
  42  10:04  Sensor Tower  
  48  10:11  SCV  
  48  10:12  SCV  
  48  10:20  Sensor Tower  
  36  10:27  Marine x2, Marauder  
  42  10:28  Widow Mine  
  42  10:33  SCV  
  43  10:45  Marine  
  43  10:46  SCV, Orbital Command  
  45  11:00  Medivac  
  45  11:01  Barracks Reactor  
  49  11:04  Widow Mine  
  49  11:10  Marine x3  
  52  11:14  SCV  
  52  11:15  SCV x2  
  55  11:33  Marine x2  
  55  11:38  Barracks Tech Lab  
  54  12:19  Barracks Reactor, Widow Mine x2  
  58  12:23  Terran Infantry Armor Level 2  
  58  12:32  SCV x3  
  63  12:44  Widow Mine x2  
  63  12:46  Terran Vehicle Weapons Level 1  
  63  12:49  Marine  
  53  13:10  Marine x3  
  41  14:07  SCV  
  42  14:10  Widow Mine x2  
  45  14:32  Widow Mine x2  
  49  14:45  SCV x2  
  51  14:46  Marine x3, Marauder  
  56  14:57  SCV  
  53  15:17  SCV x2  
  53  15:18  Widow Mine x2  
  59  15:23  Marine  
  60  15:39  Widow Mine x2  
  51  16:00  Viking, Medivac  
  44  16:40  SCV  
  45  16:52  SCV  
  33  17:04  Widow Mine  
  33  17:05  Widow Mine  
  33  17:07  Barracks Reactor x2  
  37  17:09  SCV  
  38  17:22  Engineering Bay  
  38  17:36  Command Center  
  38  17:39  Command Center  
  37  18:24  Marine x5  
  37  18:25  Marine  
  43  18:42  Marine x4  
  47  18:55  Marine  
  38  19:23  Marine x4  
  30  19:27  Medivac x2  
  27  19:57  Viking x2  
  30  20:09  Marine x6, Widow Mine x2  
  40  20:27  Marine x2  
  29  21:20  Command Center  
  29  21:21  Widow Mine  
  29  21:22  Widow Mine  
  33  21:27  Viking x2  
  33  21:28  Marine x6  
  39  21:46  Marine x4  
  43  22:16  Viking x2  
  17  23:09  Marine  
  17  23:10  Marine x5  
  18  23:23  Command Center  
  18  23:27  Marine  
  18  23:28  Marine x2  
  21  23:57  Medivac  
  21  23:59  Marine  
  21  24:00  Marine x3  
  12  25:05  Marine  
Show
View Real Time Build Order
Export as new Build Order

GhengisKhan Protoss - Winner!

Build Orders: Carriers 

Get SALT Encoding   

  1  0:00  Probe  
  13  0:14  Probe  
  13  0:16  Pylon  
  14  0:26  Probe  
  15  0:36  Gateway  
  15  0:40  Probe  
  16  0:47  Assimilator  
  16  1:04  Gateway  
  16  1:07  Probe  
  17  1:18  Assimilator  
  17  1:19  Probe  
  18  1:29  Cybernetics Core  
  18  1:33  Pylon  
  18  1:35  Probe  
  19  1:47  Probe  
  20  1:55  Pylon  
  20  2:00  Probe  
  21  2:15  Stalker  
  21  2:20  Nexus  
  21  2:26  Probe  
  24  2:34  Probe  
  24  2:40  Stalker  
  27  2:57  Stargate  
  27  3:17  Assimilator  
  27  3:20  Stargate  
  27  3:22  Assimilator  
  26  3:43  Void Ray  
  26  3:46  Shield Battery  
  24  3:54  Probe  
  24  3:58  Probe  
  26  4:12  Probe  
  27  4:27  Stargate  
  27  4:28  Pylon  
  27  4:40  Void Ray  
  31  4:46  Probe  
  31  4:47  Probe  
  33  5:01  Pylon  
  33  5:07  Probe  
  33  5:09  Probe  
  33  5:11  Void Ray  
  39  5:41  Void Ray  
  39  5:42  Probe  
  44  5:46  Probe  
  45  5:53  Protoss Air Weapons Level 1  
  41  6:36  Probe  
  41  6:37  Probe  
  43  6:49  Probe x2  
  41  7:06  Fleet Beacon, Probe x2  
  43  7:16  Cybernetics Core  
  43  7:18  Probe x2  
  45  7:30  Probe x2  
  45  7:33  Stargate  
  47  7:42  Protoss Air Weapons Level 2, Probe x2  
  49  7:45  Pylon  
  49  7:46  Protoss Air Armor Level 1  
  49  7:54  Probe  
  50  8:03  Probe  
  51  8:06  Probe  
  51  8:12  Nexus  
  52  8:15  Probe  
  52  8:18  Probe  
  54  8:21  Assimilator  
  54  8:25  Assimilator  
  54  8:27  Probe  
  54  8:30  Probe  
  54  8:31  Carrier  
  62  8:41  Probe  
  63  8:55  Stargate  
  63  9:04  Carrier  
  69  9:24  Carrier x2  
  81  9:27  Probe  
  81  9:28  Probe x2  
  84  9:37  Pylon  
  84  9:39  Pylon, Probe  
  84  9:41  Pylon  
  84  9:44  Pylon  
  85  9:49  Warp Gate  
  85  9:50  Pylon  
  85  9:55  Carrier  
  91  10:01  Probe x2  
  91  10:02  Probe  
  94  10:12  Carrier  
  94  10:13  Stargate, Probe  
  94  10:14  Probe  
  102  10:26  Mothership  
  110  10:42  Carrier  
  115  11:13  Carrier  
  121  11:20  Probe x2  
  121  11:24  Pylon  
  123  11:27  Pylon  
  123  11:29  Pylon  
  123  11:32  Probe  
  124  11:42  Carrier  
  124  11:45  Carrier  
  136  11:58  Carrier  
  142  12:21  Probe  
  142  12:22  Carrier  
  149  12:27  Protoss Air Armor Level 2  
  149  12:30  Protoss Air Weapons Level 3  
  149  12:55  Carrier  
  117  13:23  Carrier  
  111  13:34  Carrier x2  
  93  13:49  Carrier  
  93  13:53  Tempest, Probe  
  93  13:54  Probe  
  106  14:08  Robotics Facility  
  106  14:23  Carrier  
  112  14:44  Nexus  
  112  14:47  Assimilator  
  112  14:50  Carrier  
  112  14:51  Assimilator, Carrier  
  124  15:21  Carrier x2  
  136  15:34  Carrier  
  136  15:53  Tempest  
  129  16:13  Carrier  
  106  16:43  Carrier x2  
  117  17:01  Carrier  
  123  17:25  Carrier  
  129  17:42  Nexus  
  129  17:44  Assimilator, Carrier  
  135  17:49  Assimilator  
  112  18:27  Carrier  
  112  18:28  Carrier x2  
  118  18:53  Carrier x2  
  124  19:09  Probe  
  126  19:10  Probe x2  
  127  19:24  Carrier  
  133  19:32  Carrier  
  133  19:46  Carrier  
  121  20:15  Carrier x2  
  127  20:40  Carrier x2  
  139  21:04  Carrier  
  139  21:16  Carrier  
  145  21:28  Carrier  
  151  21:37  Carrier  
  163  22:08  Carrier  
  121  22:37  Carrier x2  
  103  23:04  Probe x3  
  106  23:16  Probe x2  
  106  23:17  Probe  
  89  23:51  Tempest x2  
  87  24:04  Void Ray  
  87  24:05  Void Ray  
  83  24:14  Stalker x2  
  81  24:52  Pylon  
  81  24:55  Pylon  
Show
View Real Time Build Order
Export as new Build Order

Azlan Terran - Winner!

Build Orders:  

Get SALT Encoding   

  12  0:01  SCV  
  13  0:13  SCV  
  14  0:19  Supply Depot  
  14  0:25  SCV  
  15  0:32  Refinery  
  15  0:45  Barracks  
  15  0:48  SCV  
  16  0:58  Refinery  
  16  1:00  SCV  
  17  1:12  SCV  
  17  1:17  Barracks  
  18  1:24  SCV  
  19  1:33  Supply Depot  
  19  1:34  Barracks Tech Lab  
  19  1:39  SCV  
  20  1:51  SCV  
  21  1:56  Combat Shield  
  21  2:03  SCV  
  22  2:10  Barracks Reactor  
  22  2:12  Marine  
  22  2:15  SCV  
  24  2:24  Supply Depot  
  24  2:27  SCV  
  25  2:30  Marine  
  26  2:39  SCV  
  27  2:48  Marine  
  28  2:51  Factory  
  28  2:52  Orbital Command  
  28  2:53  Marine  
  28  2:55  Marine  
  30  3:06  Marine  
  30  3:10  Supply Depot  
  30  3:11  Marine  
  32  3:13  Marine  
  33  3:23  Marine  
  33  3:29  Marine  
  33  3:30  Marine  
  35  3:41  Marine  
  35  3:47  Marine  
  37  3:48  Marine  
  38  3:59  Marine  
  37  4:04  Marine  
  37  4:06  Marine  
  39  4:17  Marine  
  39  4:20  Starport  
  39  4:21  Factory Reactor  
  39  4:22  Marine  
  41  4:24  Marine  
  42  4:35  Marine, Barracks  
  42  4:37  Stimpack  
  43  4:40  Marine  
  44  4:57  Supply Depot  
  44  5:05  Marine x3  
  46  5:12  Medivac x2  
  48  5:23  Marine x3  
  51  5:31  Marine  
  52  5:40  Marine  
  52  5:41  Marine x2  
  52  5:49  Marine  
  50  5:58  Marine x2  
  50  5:59  Marine  
  48  6:06  Marine  
  46  6:16  Marine x3  
  45  6:24  Marine  
  43  6:34  Marine x3  
  45  6:42  Marine  
  46  6:52  Marine x3  
  47  7:00  Marine  
  47  7:01  Medivac x2  
  44  7:10  Marine x3  
  46  7:18  Marine  
  47  7:27  Marine  
  47  7:28  Marine x2  
  50  7:32  Command Center  
  50  7:35  Medivac  
  50  7:36  Marine  
  55  7:45  Marine x3  
  55  7:47  Engineering Bay  
  55  7:50  Liberator  
  59  7:53  Marine  
  60  8:01  Supply Depot  
  60  8:03  Marine  
  61  8:17  Marine  
  41  8:39  Marine x4  
  40  8:46  Factory Reactor  
  40  8:49  Terran Infantry Weapons Level 1  
  40  8:54  Orbital Command  
  40  8:56  Marine  
  40  8:57  Marine x3  
  44  9:08  Medivac  
  46  9:14  Marine  
  46  9:15  SCV  
  48  9:18  Marine x3  
  51  9:25  SCV  
  51  9:27  SCV  
  51  9:30  Medivac  
  55  9:32  Marine  
  55  9:36  Refinery x2, Marine x2  
  55  9:37  SCV  
  60  9:39  SCV  
  60  9:49  Barracks  
  60  9:50  Marine  
  61  9:53  Marine  
  61  9:57  Marine x2  
  61  9:58  Medivac  
  66  10:01  Marine  
  67  10:08  Marine  
  67  10:11  Marine  
  69  10:15  Marine x2  
  69  10:19  Marine  
  49  10:26  Marine  
  46  10:29  Marine  
  46  10:33  Marine x2  
  49  10:37  Marine  
  49  10:42  Missile Turret  
  49  10:43  Marine, Missile Turret  
  49  10:44  Missile Turret  
  49  10:47  Marine  
  45  10:50  Marine  
  45  10:51  Marine x2  
  45  10:55  Marine  
  44  11:01  Marine  
  44  11:03  Bunker  
  45  11:05  Marine  
  45  11:08  Marine  
  47  11:18  Terran Infantry Armor Level 1  
  47  11:26  Medivac  
  49  11:33  Marine x4  
  49  11:34  Marine  
  54  11:55  Marine x6  
  50  12:12  Marine x2  
  50  12:13  Marine  
  43  12:24  Command Center  
  43  12:36  Armory  
  43  12:42  Marine x5  
  48  12:45  Medivac  
  48  12:50  Marine  
  51  13:00  Marine  
  52  13:16  Marine x5  
  52  13:17  Marine  
  58  13:33  Marine  
  58  13:34  Marine x4  
  59  13:35  Marine  
  61  13:51  Marine x2  
  61  13:52  Marine x3  
  66  14:00  Marine  
  49  14:06  Medivac x2  
  49  14:09  Marine x4  
  55  14:10  Marine  
  56  14:43  Marine x5  
  56  14:44  Marine  
  60  15:01  Marine x6  
  45  15:18  Marine  
  45  15:19  Marine x5  
  48  15:36  Marine x2  
  48  15:37  Marine x4  
  46  15:54  Marine x4  
  46  15:55  Marine x2  
  38  16:12  Marine x5  
  38  16:13  Marine  
  31  16:25  Orbital Command  
  31  16:30  Marine x6  
  37  16:32  Factory Reactor  
  37  16:37  Terran Infantry Weapons Level 2  
  37  16:42  SCV  
  37  16:43  SCV  
  39  16:47  Marine  
  39  16:48  Marine x4  
  44  16:57  Barracks  
  44  16:58  Barracks  
  44  16:59  Medivac x2  
  48  17:01  Barracks  
  48  17:02  Marine  
  48  17:05  Marine  
  49  17:29  Medivac x2  
  53  17:34  Marine x3  
  53  17:35  Marine  
  56  17:43  Marine x2, Sensor Tower  
  58  17:52  Marine  
  58  17:56  Marine x2  
  58  17:57  Marine  
  62  17:59  Medivac  
  62  18:01  Marine  
  62  18:03  Missile Turret  
  65  18:11  Medivac  
  67  18:21  Marine, Missile Turret  
  67  18:22  Marine x7  
  75  18:29  Medivac  
  77  18:39  Marine x3  
  77  18:40  Marine  
  81  18:42  Marine  
  81  18:43  Marine x3, Missile Turret  
  85  18:52  Orbital Command  
  85  18:57  Marine  
  86  19:24  Marine x7  
  82  19:53  Marine  
  82  19:54  Marine x7  
  82  19:59  Medivac  
  90  20:11  Marine  
  90  20:12  Marine  
  85  20:28  Marine x4  
  85  20:29  Marine x4  
  93  20:46  Marine  
  94  20:51  Supply Depot  
  94  21:10  Refinery  
  94  21:12  Refinery, Marine  
  95  21:20  Marine x4  
  95  21:21  Marine x2  
  81  21:44  Marine x2  
  81  21:45  Marine x6  
  59  22:02  Marine x2  
  50  22:11  Marine x2  
  50  22:12  Marine x3  
  51  22:17  Marine  
  51  22:20  Marine x2  
  54  22:25  Marine x2  
  56  22:31  Marine x2  
  56  22:32  Marine  
  59  22:43  Marine x3  
  62  22:55  Orbital Command  
  62  22:57  Orbital Command  
  44  23:21  Marine  
  44  23:22  Marine x9  
  54  23:30  Medivac  
  56  23:39  Marine  
  56  23:40  Marine  
  58  23:47  Marine  
  58  23:48  Marine  
  58  24:08  Marine x6  
  58  24:09  Marine x2  
  66  24:23  Marine  
  66  24:24  Marine  
  66  24:25  Marine  
  66  24:26  Marine x3  
  70  24:36  Marine x4  
  64  24:41  Marine  
  65  24:47  Marine x4  
  67  24:55  Marine x2  
  67  24:56  Marine  
  62  25:12  SCV x2  
Tags
 
Add a new tag
Caveats
  • Supply blocks, unpowered buildings, or Contaminate may cause inaccurate times.
  • Supply counts are checked every 10 seconds.